 Dungeon Crawl Stone Soup version 0.27-a0-380-g150de4c316 (webtiles) character file.

Game seed: 17542490554886581118

50 dracos369 the Chucker (level 3, 0/39 HPs)
             Began as an Ogre Hunter on Feb 17, 2021.
             Slain by an adder (2 damage)
             ... on level 2 of the Dungeon.
             The game lasted 00:02:49 (2832 turns).

dracos369 the Chucker (Ogre Hunter)                 Turns: 2832, Time: 00:02:50

Health: 0/39       AC:  3    Str: 17    XL:     3   Next: 79%
Magic:  12/12      EV: 10    Int: 12    God:
Gold:   58         SH:  0    Dex:  9    Spells: 2/2 levels left

rFire    . . .     SeeInvis .   a - +0 short sword
rCold    . . .     Faith    .   (no shield)
rNeg     . . .     Spirit   .   b - +0 robe
rPois    .         Reflect  .   (helmet restricted)
rElec    .         Harm     .   (no cloak)
rCorr    .         Rampage  .   (gloves unavailable)
Will     .....                  (boots unavailable)
Stlth    +.........             (no amulet)
HPRegen  0.13/turn              i - ring of wizardry
MPRegen  0.13/turn              n - ring of magical power

@: lethally poisoned (0 -> -7)
A: large, unfitting armour, tough skin 1
a: no special abilities


You were on level 2 of the Dungeon.
You visited 1 branch of the dungeon, and saw 2 of its levels.

You collected 58 gold pieces.

Inventory:

Hand Weapons
 a - a +0 short sword (weapon)
Missiles
 c - 5 large rocks
 d - 2 throwing nets
 e - 4 stones (quivered)
Armour
 b - a +0 robe (worn)
Jewellery
 i - a ring of wizardry (left hand)
 n - a ring of magical power (right hand)
Scrolls
 f - 6 scrolls of identify {unknown}
 g - a scroll of random uselessness {unknown}
 h - 2 scrolls of blinking {unknown}
 m - 2 scrolls of amnesia {unknown}
 p - a scroll of teleportation {unknown}
Potions
 j - a potion of curing {unknown}
 k - a potion of attraction {unknown}
 l - a potion of mutation {unknown}
 o - a potion of degeneration {unknown}
 q - a potion of lignification {unknown}


   Skills:
 + Level 4.1 Fighting
 + Level 4.7 Throwing
 - Level 1.7 Dodging
 - Level 0.6 Stealth


You had 2 spell levels left.
You didn't know any spells.
Your spell library was empty.

Dungeon Overview and Level Annotations

Branches:
Dungeon (2/15)

Altars:


Innate Abilities, Weirdness & Mutations

You are too large for most types of armour.
You have tough skin. (AC +1)


Message History

The jackal is moderately wounded.
The jackal bites you but does no damage.
The adder misses you. The jackal misses you.
You hit the jackal but do no damage.
The jackal is moderately wounded.
The adder closely misses you. The jackal closely misses you.
The adder bites you.
You hit the jackal.
The jackal is severely wounded.
You feel sick. The jackal bites you. The adder closely misses you.
The jackal closely misses you.
You hit the jackal but do no damage.
The jackal is severely wounded.
The adder closely misses you. The jackal barely misses you.
The adder bites you but does no damage.
You closely miss the jackal.
The jackal is severely wounded.
The jackal bites you but does no damage.
The adder bites you.
You are more poisoned.
The adder poisons you!
The jackal bites you but does no damage.
You hit the jackal.
You kill the jackal!
You feel sick. The adder bites you but does no damage. The adder bites you.
You are more poisoned.
The adder poisons you!
You barely miss the adder.
You feel sick. The adder closely misses you. The adder bites you. x2
You miss the adder.
You feel sick. The adder bites you.
* * * LOW HITPOINT WARNING * * *
The adder bites you but does no damage. The adder closely misses you.
You barely miss the adder.
You feel sick. The adder bites you.
* * * LOW HITPOINT WARNING * * *
The adder barely misses you. The adder bites you.
* * * LOW HITPOINT WARNING * * *
You miss the adder.
* * * LOW HITPOINT WARNING * * *
You feel sick. The adder bites you.
You die...

#####..###
#......# #.#
#.###..# #.# #.#
#..# #.# #.#
#..# #.#
#.####.# #.#
#.....># #.#
######.# #†# #.#
#@##
#.########SS#..#
#...†.....r...#
#############..#
#..# #..# #.. #.


You could see 2 adders and a rat.

Vanquished Creatures
  An adder (D:2)
  3 worms (D:2)
  A dart slug (D:2)
  A leopard gecko (D:2)
  4 giant cockroaches
  3 goblins
  2 hobgoblins (D:2)
  A jackal (D:2)
  2 bats (D:1)
  4 frilled lizards
  4 kobolds
  4 rats
30 creatures vanquished.

Notes
Turn   | Place    | Note
-------+----------+-------------------------------------------
     0 | D:1      | dracos369 the Ogre Hunter began the quest for the Orb.
     0 | D:1      | Reached XP level 1. HP: 22/22 MP: 1/1
   649 | D:1      | Reached XP level 2. HP: 30/31 MP: 2/2
  1275 | D:1      | You fall into a shaft and drop 1 floor!
  1517 | D:2      | Reached XP level 3. HP: 32/37 MP: 3/3
  2832 | D:2      | Slain by an adder

Illustrated notes

Levels and vault maps discovered:
D:1:      mrwooster_arrival_arrow, layout_basic, moated_statue
D:2:      minmay_diamond_boxcup, layout_basic

Skill      XL: |  1  2  3 |
---------------+----------+-----
Fighting       | 3 4 |  4.1
Throwing       | |  4.7
Dodging        | |  1.7
Stealth        | |  0.6

Action                   || total
-------------------------++-------
Melee: Short sword       ||   166
Throw: Stone             ||    11
       Large rock        ||     1
 Stab: Sleeping          ||     1
Armor: Robe              ||    52
Dodge: Dodged            ||   103

Table legend: (Time is in decaauts)
 A = Elapsed time spent in this place.
 B = Non-inter-level travel time spent in this place.
 C = Inter-level travel time spent in this place.
 D = Time resting spent in this place.
 E = Time spent auto-exploring this place.
 F = Levels seen in this place.
 G = Mean time per level.
                   A        B        C        D        E       F      G
               +--------+--------+--------+--------+--------+-----+--------+
         Total |   2847 |   2815 |     32 |    580 |   1890 |   2 | 1423.5 |
       Dungeon |   2847 |   2815 |     32 |    580 |   1890 |   2 | 1423.5 |
               +--------+--------+--------+--------+--------+-----+--------+

Top non-repeatable levels by time:
     D:2: 1565 daAuts
     D:1: 1281 daAuts
